 Dungeon Crawl Stone Soup version 0.18-a0-1426-g3b9a63c (webtiles) character file.

44 GrosslyIncandescent the Insei (level 3, -3/29 HPs)
             Began as a Mummy Monk on Feb 27, 2016.
             Slain by an adder (4 damage)
             ... on level 2 of the Dungeon.
             The game lasted 00:02:52 (2020 turns).

GrosslyIncandescent the Insei (Mummy Monk)          Turns: 2020, Time: 00:02:53

Health: -3/29      AC:  0    Str: 14    XL:     3   Next: 41%
Magic:  3/3        EV: 13    Int:  9    God:
Gold:   49         SH:  0    Dex: 15    Spells: 0 memorised, 2 levels left

rFire  x . .     SeeInvis .       - Unarmed
rCold  + . .     Gourm    .     (no armour)
rNeg   + + +     Faith    .     (no shield)
rPois  ∞         Spirit   .     (no helmet)
rElec  .         Dismiss  .     (no cloak)
rCorr  .         Reflect  .     (no gloves)
SustAt .         Harm     .     (no boots)
MR     .....                    (no amulet)
Stlth  ++........               (no ring)
                                (no ring)

@: not resistant to hostile enchantments, unstealthy
A: no food or potions, fire vulnerability, cold resistance 1, negative energy
resistance 3, torment resistance, unbreathing
a: no special abilities


You were on level 2 of the Dungeon.
You were not hungry.

You visited 1 branch of the dungeon, and saw 2 of its levels.

You collected 49 gold pieces.


Innate Abilities, Weirdness & Mutations

You do not eat or drink.
Your flesh is vulnerable to fire.
You are immune to poison.
Your flesh is cold resistant.
You are immune to negative energy.
You are immune to unholy pain and torment.
You can survive without breathing.


   Skills:
 - Level 3.0 Fighting
 - Level 2.4 Dodging
 - Level 1.5 Stealth
 + Level 4.3 Unarmed Combat


You had 2 spell levels left.
You didn't know any spells.

Inventory:

Scrolls
 a - a scroll of immolation {unknown}
 b - a scroll of remove curse {unknown}
 c - a scroll of magic mapping {unknown}
 d - a scroll of teleportation {unknown}
 e - a scroll of identify {unknown}
 f - a scroll of recharging {unknown}
 g - a scroll of fear {unknown}

Dungeon Overview and Level Annotations

Branches:
Dungeon (2/15)

Altars:
Elyvilon

Annotations:
D:2 exclusions: adder and worm

...▒<▒.▒▒▒▒.........▒▒...........
.............. ▒....▒▒........▒..
▒.▒▒...▒▒▒▒.▒▒.▒....▒▒▒▒......▒..
▒......▒ ...▒▒.▒....▒▒▒▒...▒.▒▒..
▒......▒▒...........†............
.............▒.▒...........▒..▒..
>.........................▒▒..▒▒.
.............▒............▒▒..▒..
......▒ ▒..▒..M...<............
▒.▒▒..▒▒▒▒▒..▒£S▒▒▒...........▒▒.
▒.▒▒...........l..............▒▒.
..........................▒▒..▒▒.
▒▒....▒.▒.▒▒.▒...▒▒.▒...... ...
▒▒....▒................... ▒▒.
.▒....................... ..
......▒.▒......▒.▒▒.▒.▒
......+........... .▒ ▒


You could see an adder and a giant newt.


Message History

The adder is heavily wounded!
The adder misses you! The adder barely misses you!
You closely miss the adder!
The adder is heavily wounded!
The adder barely misses you!
You closely miss the adder!
The adder is heavily wounded!
The adder closely misses you!
You closely miss the adder!
The adder is heavily wounded!
The adder closely misses you!
You miss the adder!
The adder is heavily wounded!
The adder bites you! * * * don't die
* * * You barely miss the adder!
The adder is heavily wounded!
The adder bites you! * * * don't die
* * * You barely miss the adder!
The adder is heavily wounded!
The adder misses you! x2
You barely miss the adder!
The adder is heavily wounded!
The adder bites you! * * * don't die
* * * You closely miss the adder!
The adder is heavily wounded!
The adder bites you! rip

Action                   || total
-------------------------++-------
Melee: Unarmed           ||   122
 Stab: Sleeping          ||     5

Vault maps used:
D:1:      mrwooster_arrival_statue
D:2:      elyvilon_altar_1, zin_statuary

Notes
Turn   | Place    | Note
--------------------------------------------------------------
     0 | D:1      | GrosslyIncandescent the Mummy Monk began the quest for the Orb.
     0 | D:1      | Reached XP level 1. HP: 18/18 MP: 1/1
   151 | D:1      | Reached XP level 2. HP: 17/24 MP: 2/2
   727 | D:1      | Reached skill level 4 in Unarmed Combat
  1156 | D:1      | Reached XP level 3. HP: 26/29 MP: 3/3
  1714 | D:2      | Found a white marble altar of Elyvilon.
  2019 | D:2      | HP: 1/29 [adder (2)]
  2020 | D:2      | Slain by an adder

Vanquished Creatures
  An ooze (D:1)
  A dart slug (D:1)
  2 giant geckos (D:1)
  A giant cockroach (D:1)
  3 goblins (D:1)
  5 hobgoblins
  3 jackals (D:1)
  5 bats
  A giant newt (D:1)
  6 kobolds
  7 rats
35 creatures vanquished.
